 Dungeon Crawl Stone Soup version 0.27-a0-279-gdfb9265905 (webtiles) character file.

Game seed: 170302270401382404

22532 runemasterragnar the Covert (level 13, -6/89 HPs)
             Began as an Octopode Fighter on Feb 7, 2021.
             Was an Elder of Cheibriados.
             Mangled by an orc knight
             ... wielding a +0 great mace
              (39 damage)
             ... on level 2 of the Orcish Mines on Feb 8, 2021.
             The game lasted 00:28:00 (14503 turns).

runemasterragnar the Covert (Octopode Fighter)     Turns: 14503, Time: 00:28:00

Health: -6/89      AC:  3    Str: 25    XL:     13   Next: 0%
Magic:  6/21       EV: 33    Int: 25    God:    Cheibriados [****..]
Gold:   1321       SH: 19    Dex: 21    Spells: 6/12 levels left

rFire    . . .     SeeInvis .   M - +3 scimitar (holy)
rCold    . . .     Faith    .   b - +2 kite shield
rNeg     . . .     Spirit   .   (helmet restricted)
rPois    .         Reflect  +   d - amulet of reflection
rElec    .         Harm     .   g - ring of the Hare {EV+8}
rCorr    +         Rampage  .   w - +4 ring of evasion
Will     +....                  K - ring of resist corrosion
Stlth    +++++++...             L - ring of willpower
HPRegen  0.24/turn              (no ring)
MPRegen  0.17/turn              (no ring)
                                (no ring)
                                (no ring)

@: studying Stealth, very slow
A: almost no armour, stealthy swim, amphibious, 8 rings, constrict 8, repulsion
field 1, iridescent scales 1, camouflage 1, clever 1, gelatinous body 1
a: Renounce Religion, Bend Time, Temporal Distortion, Slouch


You were on level 2 of the Orcish Mines.
You worshipped Cheibriados.
Cheibriados was greatly pleased with you.
You visited 2 branches of the dungeon, and saw 13 of its levels.
You also visited: Bailey.

You collected 1321 gold pieces.

Inventory:

Hand Weapons
 a - a +1 long sword
 x - a +4 dagger
 M - a +3 scimitar of holy wrath (weapon)
Missiles
 c - 5 javelins
 i - 12 poisoned darts (quivered)
 r - 33 boomerangs
 s - 5 atropa-tipped darts
 B - 5 boomerangs of dispersal
 O - a throwing net
Armour
 b - a +2 kite shield (worn)
Magical Staves
 h - an uncursed staff of earth
Jewellery
 d - an amulet of reflection (around mantle)
 f - an uncursed amulet of guardian spirit
 g - the ring of the Hare (left tentacle) {EV+8}
   (You found it on level 4 of the Dungeon)

   [ring of evasion]

   It affects your evasion (+8).
 m - an uncursed amulet of regeneration
 w - a +4 ring of evasion (right tentacle)
 K - a ring of resist corrosion (on tentacle)
 L - a ring of willpower (on tentacle)
Wands
 v - a wand of acid (2)
 A - a wand of iceblast (17)
 J - a wand of polymorph (11)
Scrolls
 j - 5 scrolls of remove curse
 n - 3 scrolls of immolation
 o - 5 scrolls of teleportation
 u - a scroll of fear
 y - a scroll of fog
 F - a scroll of holy word {unknown}
 N - a scroll of enchant weapon
Potions
 e - a potion of mutation
 k - 2 potions of curing
 l - 3 potions of brilliance
 q - 3 potions of attraction
 t - 3 potions of flight
 z - a potion of lignification
 G - 3 potions of ambrosia
 I - a potion of magic


   Skills:
 + Level 8.3 Fighting
 + Level 8.4 Long Blades
 + Level 8.3 Dodging
 + Level 12.7 Stealth
 + Level 8.2 Shields
 + Level 7.6 Unarmed Combat
 * Level 11.1 Invocations


You had 6 spell levels left.
You knew the following spells:

 Your Spells              Type           Power        Failure   Level
a - Petrify               Tmut/Erth      0%           97%         4
b - Blink                 Tloc           N/A          43%         2

Your spell library contained the following spells:

 Spells                   Type           Power        Failure   Level
 Animate Skeleton         Necr           0%           32%         1
 Magic Dart               Conj           0%           32%         1
 Pain                     Necr           0%           32%         1
 Call Imp                 Summ           0%           43%         2
 Slow                     Hex            0%           43%         2
 Confusing Touch          Hex            0%           67%         3
 Conjure Flame            Conj/Fire      0%           67%         3
 Gell's Gravitas          Tloc           0%           67%         3
 Mephitic Cloud           Conj/Pois/Air  0%           67%         3
 Vampiric Draining        Necr           0%           67%         3
 Animate Dead             Necr           0%           97%         4
 Agony                    Necr           0%           100%        5
 Metabolic Englaciation   Hex/Ice        0%           100%        5
 Yara's Violent Unravell  Hex/Tmut       0%           100%        5


Dungeon Overview and Level Annotations

Branches:
Dungeon (11/15)            Temple (0/1) D:4            Lair (0/6) D:10
    Orc (2/2) D:9             Elf (0/3) Orc:2        Bailey (visited)

Altars:
Ashenzari
Cheibriados
Elyvilon
Hepliaklqana
Kikubaaqudgha
Makhleb
Okawaru
Ru
Sif Muna
Uskayaw
Vehumet
Wu Jian
Xom
Zin

Shops:
D:8 *   D:10 (   Orc:2 !

Annotations:
D:6 2 transporters, Snicker's ghost, weakling DsDe
D:9 3 runed translucent doors, puppykicker's ghost, novice BaIE
Orc:1 2 runed translucent doors, Rumoabbe's ghost, journeyman DEIE


Innate Abilities, Weirdness & Mutations

You cannot wear most types of armour.
You are very stealthy in the water. (Stealth+)
You are amphibious.
You can wear up to eight rings at the same time.
You can use your tentacles to constrict eight enemies at once.
Your skin changes colour to match your surroundings (Stealth+).
Your rubbery body absorbs attacks. (AC +1, EV +1)
You are surrounded by a mild repulsion field. (EV +2)
You are partially covered in iridescent scales. (AC +2)
Your mind is acute. (Int +2)


Message History

You kill the orc priest!
Cheibriados appreciates the change of pace.
You can no longer step out of the flow of time.
Cheibriados lowers the support of your attributes as your movement quickens.
You constrict the orc knight. x2; You block the orc knight's attack. x2
Unknown command.
Unknown command.
You can feel time thicken for a moment.
Cheibriados lowers the support of your attributes as your movement quickens.
You constrict the orc knight.
You constrict the orc knight, but do no damage.
Unknown command.
Unknown command.
You hit the orc knight but do no damage.
You squeeze the orc knight, but do no damage.
The orc knight is almost dead.
You constrict the orc knight. You constrict the orc knight!
The orc knight is no longer moving slowly.
The orc knight hits you with a +0 great mace!!!
You die...

.............#.#
.............### ..(
.............# ...
.............## (...
.........#..).# ....)
.........##...## #().(#
..........#...)##)....#
..........##..))o.(.#
...........##..@o(.##
............##...###
........... #####


You could see 2 orc knights.

Vanquished Creatures
  Jorgrun (Orc:1)
  Snorg (Orc:1)
  An ogre mage (Orc:2)
  2 two-headed ogres (Orc:2)
  4 orc high priests
  8 orc knights
  Pikel (D:5)
  3 orc sorcerers (Orc:2)
  A gargoyle (D:9)
  Maggie (D:10)
  A kobold demonologist (Bailey)
  2 trolls
  A vampire (D:10)
  A wyvern (D:8)
  4 yaks (D:10)
  A steam dragon (D:8)
  2 wargs (Orc:2)
  A water moccasin (D:10)
  Duvessa (D:5)
  An ice beast (D:6)
  3 sky beasts
  27 orc warriors
  2 black bears (D:10)
  10 ogres
  5 centaurs
  A phantom (D:4)
  A lemure (D:5)
  Blork the orc (D:5)
  2 big kobolds
  Dowan (D:5)
  5 bullfrogs
  A wyvern skeleton (D:10)
  3 scorpions
  4 wights (D:10)
  4 electric eels (Bailey)
  A howler monkey (D:10)
  2 quasits
  A bullfrog skeleton (D:5)
  A bullfrog zombie (D:5)
  A centaur zombie (D:7)
  14 orc priests
  6 hounds
  5 jellies
  2 centaur skeletons
  Natasha (twice) (D:3)
  3 iguanas
  15 orc wizards
  7 worker ants
  A killer bee zombie (D:6)
  2 hound zombies
  2 hound skeletons
  Robin (D:3)
  A worker ant zombie (D:8)
  12 gnolls
  2 howler monkey skeletons
  11 adders
  2 ufetubi (D:7)
  An adder skeleton (D:7)
  3 worms
  2 dart slugs (D:1)
  4 leopard geckos
  56 orcs
  A ball python (D:5)
  5 giant cockroaches
  20 goblins
  18 hobgoblins
  13 jackals
  17 kobolds
  A quokka (D:9)
  4 bats
  4 frilled lizards
  A jackal zombie (D:5)
  4 rats
356 creatures vanquished.

Vanquished Creatures (others)
  An orc (Orc:2)
  18 fungi (D:10)
  22 plants (D:10)
41 creatures vanquished.

Grand Total: 397 creatures vanquished

Notes
Turn   | Place    | Note
-------+----------+-------------------------------------------
     0 | D:1      | runemasterragnar the Octopode Fighter began the quest for
                  | the Orb.
     0 | D:1      | Reached XP level 1. HP: 16/16 MP: 1/1
   157 | D:3      | Found a hide-covered altar of Uskayaw.
   193 | D:3      | Reached XP level 2. HP: 20/21 MP: 2/2
   201 | D:4      | Found the ring of the Hare {EV+8}
   202 | D:4      | Noticed a phantom
   244 | D:3      | Noticed Robin
   289 | D:3      | Killed Robin
   290 | D:3      | Reached skill level 1 in Stealth
   290 | D:3      | Reached XP level 3. HP: 22/26 MP: 3/3
   454 | D:4      | Reached skill level 1 in Unarmed Combat
   454 | D:4      | Reached XP level 4. HP: 30/31 MP: 4/4
   491 | D:5      | Entered Level 5 of the Dungeon
   552 | D:5      | Reached skill level 2 in Stealth
   552 | D:5      | Reached XP level 5. HP: 16/36 MP: 5/5
   901 | D:5      | Reached XP level 6. HP: 32/43 MP: 6/6
  1173 | D:6      | Found a white marble altar of Elyvilon.
  1175 | D:6      | Found a glowing silver altar of Zin.
  1195 | D:7      | Found a snail-covered altar of Cheibriados.
  1207 | D:7      | Reached skill level 3 in Stealth
  1209 | D:7      | Became a worshipper of Cheibriados the Contemplative
  2403 | D:2      | Reached * piety under Cheibriados
  2559 | D:2      | Found a shimmering altar of Xom.
  2576 | D:2      | Found a broken altar of Ashenzari.
  2576 | D:2      | Found a shimmering altar of Xom.
  2578 | D:2      | Found an ancient bone altar of Kikubaaqudgha.
  2578 | D:2      | Found an ornate altar of the Wu Jian Council.
  2578 | D:2      | Found a hazy altar of Hepliaklqana.
  2855 | D:3      | Reached XP level 7. HP: 48/48 MP: 7/7
  3126 | D:3      | Noticed Natasha
  3133 | D:3      | Killed Natasha
  3134 | D:3      | Reached skill level 1 in Invocations
  3148 | D:3      | Noticed Natasha
  3150 | D:3      | Killed Natasha
  3911 | D:4      | Found a staircase to the Ecumenical Temple.
  4077 | D:5      | Reached ** piety under Cheibriados
  4149 | D:5      | Noticed Blork the orc
  4149 | D:5      | Noticed Duvessa
  4149 | D:5      | Noticed Dowan
  4158 | D:5      | Killed Duvessa
  4160 | D:5      | Killed Dowan
  4160 | D:5      | Killed Blork the orc
  4161 | D:5      | Reached skill level 4 in Stealth
  4161 | D:5      | Reached XP level 8. HP: 16/54 MP: 5/9
  4516 | D:5      | Found a burning altar of Makhleb.
  4655 | D:5      | Noticed Pikel
  4667 | D:5      | Killed Pikel
  4668 | D:5      | Reached skill level 5 in Fighting
  4668 | D:5      | Reached skill level 5 in Long Blades
  4668 | D:5      | Reached skill level 5 in Stealth
  5032 | D:6      | Reached skill level 5 in Shields
  5032 | D:6      | Reached XP level 9. HP: 58/61 MP: 12/12
  5137 | D:6      | Reached skill level 5 in Dodging
  5291 | D:6      | Found a hazy altar of Hepliaklqana.
  5497 | D:6      | Reached skill level 5 in Invocations
  5499 | D:6      | Found a transporter.
  5499 | D:6      | Found a transporter.
  5500 | D:6      | Noticed Snicker's ghost (weakling DsDe)
  5506 | D:6      | Identified the +6 great mace "Orb Guardian's Peril" {flame,
                  | Int+5}
  5506 | D:6      | Identified the +3 dire flail of Xom's Grace {vamp, SInv}
  5506 | D:6      | Noticed a two-headed ogre
  6171 | D:7      | Learned a level 4 spell: Petrify
  6200 | D:7      | Reached *** piety under Cheibriados
  6716 | D:8      | Learned a level 2 spell: Blink
  6717 | D:8      | Found Reicig's Assorted Antiques.
  6908 | D:8      | Reached skill level 6 in Stealth
  7588 | D:8      | Gained mutation: You are partially covered in iridescent
                  | scales. (AC +2) [potion of mutation]
  7588 | D:8      | Gained mutation: You are surrounded by a mild repulsion
                  | field. (EV +2) [potion of mutation]
  7588 | D:8      | Gained mutation: Your mind is acute. (Int +2) [potion of
                  | mutation]
  7779 | D:9      | Found a flagged portal.
  7783 | D:9      | Reached **** piety under Cheibriados
  7792 | Bailey   | Entered a bailey
  8380 | Bailey   | Noticed an orc knight
  8404 | Bailey   | Noticed an orc knight
  8724 | Bailey   | Reached XP level 10. HP: 68/68 MP: 14/14
  8770 | Bailey   | Killed an orc knight
  8771 | Bailey   | Reached skill level 7 in Stealth
  8837 | Bailey   | Killed an orc knight
  8838 | Bailey   | Reached skill level 5 in Unarmed Combat
  8910 | Bailey   | Found an iron altar of Okawaru.
  8910 | Bailey   | Noticed a kobold demonologist
  8910 | Bailey   | Noticed an orc high priest
  8930 | Bailey   | Noticed a sun demon
  8935 | Bailey   | Noticed a soul eater
  8941 | Bailey   | Noticed an orc knight
  8944 | Bailey   | Killed an orc high priest
  8947 | Bailey   | Killed a kobold demonologist
  8989 | Bailey   | HP: 1/69 [orc knight/+0 war axe (9)]
  8990 | Bailey   | Killed an orc knight
  9522 | Bailey   | Acquired a manual of Stealth
  9582 | Bailey   | Noticed an orc knight
  9591 | Bailey   | Killed an orc knight
  9592 | Bailey   | Reached skill level 8 in Stealth
  9875 | D:9      | Reached XP level 11. HP: 74/74 MP: 17/17
 10021 | D:9      | Found an ornate altar of the Wu Jian Council.
 10027 | D:9      | Found a broken altar of Ashenzari.
 10027 | D:9      | Found a sacrificial altar of Ru.
 10027 | D:9      | Found an iron altar of Okawaru.
 10162 | D:9      | Found a runed translucent gate.
 10163 | D:9      | Found a runed translucent gate.
 10164 | D:9      | Found a runed translucent gate.
 10164 | D:9      | Noticed a deep elf knight
 10190 | D:9      | Noticed puppykicker's ghost (novice BaIE)
 10228 | D:9      | Found a staircase to the Orcish Mines.
 10265 | D:9      | Found a shimmering blue altar of Sif Muna.
 10468 | D:10     | Entered Level 10 of the Dungeon
 10477 | D:10     | Reached ***** piety under Cheibriados
 10570 | D:10     | Noticed Maggie
 10576 | D:10     | Killed Maggie
 10577 | D:10     | Reached skill level 9 in Stealth
 10786 | D:10     | Found Bymijaje's Antique Weapon Boutique.
 11299 | D:10     | Found a staircase to the Lair.
 11710 | Orc:1    | Entered Level 1 of the Orcish Mines
 11977 | Orc:1    | Noticed Snorg
 11988 | Orc:1    | Killed Snorg
 11989 | Orc:1    | Reached skill level 10 in Stealth
 12275 | Orc:1    | Found a radiant altar of Vehumet.
 12386 | Orc:1    | Noticed Jorgrun
 12409 | Orc:1    | Killed Jorgrun
 12410 | Orc:1    | Reached XP level 12. HP: 7/81 MP: 19/19
 12785 | Orc:2    | Entered Level 2 of the Orcish Mines
 12840 | Orc:2    | Noticed a two-headed ogre
 12841 | Orc:2    | Noticed an ogre mage
 12842 | Orc:2    | Noticed a two-headed ogre
 12850 | Orc:2    | Killed an ogre mage
 12851 | Orc:2    | Reached skill level 11 in Stealth
 12857 | Orc:2    | Killed a two-headed ogre
 12858 | Orc:2    | Reached skill level 10 in Invocations
 12860 | Orc:2    | Killed a two-headed ogre
 12971 | Orc:2    | Found Tostreawist's Distillery.
 12975 | Orc:2    | Paralysed by an orc sorcerer for 2 turns
 13166 | Orc:2    | Found a staircase to the Elven Halls.
 13387 | Orc:1    | Found a large runed translucent door.
 13387 | Orc:1    | Found a large runed translucent door.
 13587 | Orc:1    | Noticed Rumoabbe's ghost (journeyman DEIE)
 13703 | Orc:1    | Reached skill level 12 in Stealth
 14275 | Orc:2    | Noticed an orc high priest
 14304 | Orc:2    | Noticed an orc high priest
 14304 | Orc:2    | Noticed an orc high priest
 14307 | Orc:2    | Killed an orc high priest
 14307 | Orc:2    | Killed an orc high priest
 14308 | Orc:2    | Killed an orc high priest
 14494 | Orc:2    | Reached XP level 13. HP: 51/89 MP: 21/21
 14503 | Orc:2    | Mangled by an orc knight

Illustrated notes

Levels and vault maps discovered:
D:1:      grunt_arrival_crossed_arrows, layout_basic
D:2:      layout_basic, doesnt_xom_only_xom
D:3:      wander_river, layout_loops_corners, eat_drink_and_be_merry_uskayaw,
          minivault_4, uniq_robin, uniq_natasha
D:4:      layout_rooms, minmay_temple_entry_enclosed_plants, roderic_lattice_a
D:5:      layout_loops_corners, kennysheep_mini_moat, uniq_blork_the_orc,
          uniq_pikel, uniq_duvessa
D:6:      layout_basic, nzn_hepliaklqana_mist_gate,
          chequers_temple_overflow_statue_of_worship, gammafunk_ghost_smash,
          kennysheep_generic_room_12
D:7:      layout_basic, lemuel_crystal_altar
D:8:      layout_loops_corners, serial_shops, nicolae_shop_crystal
D:9:      layout_loops_ring, general_overflow_altar, grunt_temple_overflow_open,
          orc_0_dummy, gammafunk_ghost_split, enter_bailey_2
D:10:     layout_basic, grunt_lair_entry_orc_guard_hut, serial_shops,
          nicolae_shop_overgrown_old_shop, uniq_maggie
D:11:     layout_gridville
Orc:1:    layout_diamond_mine, basic_altar, ebering_ghost_disaster_area,
          uniq_jorgrun, uniq_snorg
Orc:2:    grunt_orc_tribal_feast, layout_diamond_mine, serial_shops,
          nicolae_shop_waterfront

Skill      XL: |  1  2  3  4  5  6  7  8  9 10 11 12 |
---------------+-------------------------------------+-----
Stealth        | 1 2 3 4 5 6 8 10 12 | 12.7
Unarmed Combat | 1 2 3 4 5 6 7 |  7.6
Long Blades    | 3 4 5 6 7 8 |  8.4
Fighting       | 4 5 6 7 8 |  8.3
Shields        | 4 5 6 7 8 |  8.2
Dodging        | 4 5 6 7 8 |  8.3
Invocations    | 2 4 6 8 9 11 | 11.1

Action                   |  1- 3 |  4- 6 |  7- 9 | 10-12 | 13-15 || total
-------------------------+-------+-------+-------+-------+-------++-------
Melee: Long sword        |    29 |    80 |   189 |    41 |       ||   339
       Tentacles         |    11 |    17 |    74 |   133 |     4 ||   239
       Constrict         |    10 |    27 |    60 |    84 |     2 ||   183
       Punch             |       |     3 |    13 |    33 |     2 ||    51
       Scimitar          |       |       |       |   277 |     6 ||   283
Throw: Dart              |       |    14 |   101 |   143 |       ||   258
       Boomerang         |       |       |    25 |       |       ||    25
       Javelin           |       |       |     9 |    14 |       ||    23
Invok: Bend Time         |       |       |     1 |     1 |     2 ||     4
       Slouch            |       |       |       |    10 |     2 ||    12
Evoke: Wand              |       |       |     8 |    10 |       ||    18
  Use: Scroll            |       |     6 |    12 |     7 |       ||    25
       Potion            |       |     1 |     3 |     4 |       ||     8
 Stab: Sleeping          |     2 |     9 |    19 |    11 |       ||    41
       Distracted        |       |       |     1 |     1 |       ||     2
Armor: Skin              |       |     2 |     1 |    12 |       ||    15
Dodge: Dodged            |    23 |    59 |   101 |   216 |       ||   399
Block: Kite shield       |     6 |    46 |   137 |   332 |    10 ||   531
       Reflection        |       |       |     2 |    23 |       ||    25
       Rpst.: Long sword |    10 |    17 |    29 |     4 |       ||    60
       Scimitar          |       |       |       |    36 |       ||    36

Table legend: (Time is in decaauts)
 A = Elapsed time spent in this place.
 B = Non-inter-level travel time spent in this place.
 C = Inter-level travel time spent in this place.
 D = Time resting spent in this place.
 E = Time spent auto-exploring this place.
 F = Levels seen in this place.
 G = Mean time per level.
                   A        B        C        D        E       F      G
               +--------+--------+--------+--------+--------+-----+--------+
         Total |  20023 |  19254 |    769 |   1932 |  13577 |  14 | 1430.2 |
       Dungeon |  13788 |  13019 |    769 |    326 |  10771 |  11 | 1253.5 |
  Orcish Mines |   3799 |   3799 |      0 |    701 |   2206 |   2 | 1899.5 |
        Bailey |   2436 |   2436 |      0 |    905 |    599 |   1 | 2436.0 |
               +--------+--------+--------+--------+--------+-----+--------+

Top non-repeatable levels by time:
  Bailey: 2436 daAuts
     D:5: 2079 daAuts
   Orc:1: 2043 daAuts
    D:10: 1798 daAuts
   Orc:2: 1756 daAuts
     D:8: 1579 daAuts
     D:9: 1375 daAuts
     D:3: 1336 daAuts
     D:7: 1333 daAuts
     D:6: 1258 daAuts
     D:1: 1031 daAuts
     D:2: 919 daAuts
     D:4: 853 daAuts
    D:11: 221 daAuts
